 Dungeon Crawl Stone Soup version 0.29.1-2-gbd0b4ee654 (webtiles) character file.

Game seed: 7662725188176428509

51 keekatzer the Trooper (level 4, -1/37 HPs)
             Began as a Formicid Abyssal Knight on Oct 24, 2022.
             Was a Priest of Lugonu.
             Slain by a quokka (3 damage)
             ... on level 3 of the Dungeon.
             The game lasted 00:09:36 (1330 turns).

keekatzer the Trooper (Formicid Abyssal Knight)     Turns: 1330, Time: 00:09:37

Health: -1/37      AC:  4    Str: 20    XL:     4   Next: 7%
Magic:  4/5        EV: 12    Int:  9    God:    Lugonu [***...]
Gold:   44         SH:  0    Dex: 20    Spells: 3/3 levels left

rFire   . . .      SeeInvis +   a - +1 spear
rCold   + . .      Faith    .   (no shield)
rNeg    . . .      Spirit   .   b - +0 leather armour
rPois   .          Reflect  .   (helmet unavailable)
rElec   .          Harm     .   (no cloak)
rCorr   .          Rampage  .   l - +0 pair of gloves
Will    .....                   (no boots)
Stlth   +.........              (no amulet)
HPRegen 0.12/turn               c - +6 ring of dexterity
MPRegen 0.09/turn               k - ring of protection from cold

@: mighty, attractive
A: permanent stasis, dig shafts and tunnels, antennae 3, four strong arms
a: Dig, Shaft Self, Renounce Religion, Depart the Abyss, Bend Space, Banish


You were on level 3 of the Dungeon.
You worshipped Lugonu.
Lugonu was most pleased with you.
You visited 1 branch of the dungeon, and saw 3 of its levels.
You visited the Abyss 1 time.

You collected 44 gold pieces.

Inventory:

Hand Weapons
 a - a +1 spear (weapon)
 i - a +0 short sword of electrocution
Armour
 b - a +0 leather armour (worn)
 l - a +0 pair of gloves (worn)
Magical Staves
 h - a staff of cold
Jewellery
 c - a +6 ring of dexterity (left hand)
 k - a ring of protection from cold (right hand)
Scrolls
 d - 2 scrolls of enchant weapon {unknown}
 e - a scroll of noise {unknown}
 f - a scroll of fear {unknown}
 g - a scroll of blinking {unknown}
 n - a scroll of teleportation {unknown}
 p - 2 scrolls of enchant armour {unknown}
Potions
 q - a potion of invisibility {unknown}
 r - a potion of heal wounds {unknown}


   Skills:
 + Level 3.8 Fighting
 - Level 2.0 Polearms
 + Level 3.1 Armour
 + Level 1.8 Dodging
 + Level 2.5 Invocations


You had 3 spell levels left.
You didn't know any spells.
Your spell library contained the following spells:

 Spells                   Type           Power      Damage    Failure   Level
 Magic Dart               Conj           0%         1d3       43%         1
 Call Imp                 Summ           0%         N/A       56%         2
 Mephitic Cloud           Conj/Pois/Air  0%         N/A       80%         3


Dungeon Overview and Level Annotations

Branches:
Dungeon (3/15)

Altars:
Kikubaaqudgha


Innate Abilities, Weirdness & Mutations

You cannot be hasted, slowed, berserked, paralysed or teleported.
You can dig through walls and to a lower floor.
You have a pair of large antennae on your head. (SInv)
Your four strong arms can wield two-handed weapons with a shield.


Message History

You hit the orc wizard but do no damage.
The orc wizard is heavily wounded.
The orc wizard casts a spell.
The orc wizard flickers and vanishes for a moment.
You hit the orc wizard but do no damage.
The orc wizard is heavily wounded.
The orc wizard hits you but does no damage.
You closely miss the orc wizard.
The orc wizard is heavily wounded.
The orc wizard hits you with a +0 dagger.
* * * LOW HITPOINT WARNING * * *
You closely miss the orc wizard.
The orc wizard is heavily wounded.
The orc wizard hits you with a +0 dagger.
* * * LOW HITPOINT WARNING * * *
Space bends violently around you!
You blink.
A quokka comes into view.
Found a pair of gloves.
It was a potion of attraction.
You feel attractive to monsters. The orc wizard is attracted toward you.
The quokka is attracted toward you.
It was a potion of curing.
You feel better. The quokka barely misses you.
The orc wizard hits you but does no damage.
It was a potion of might.
You feel very mighty all of a sudden. The quokka bites you.
* * * LOW HITPOINT WARNING * * *
The orc wizard hits you with a +0 dagger.
* * * LOW HITPOINT WARNING * * *
You hit the orc wizard.
The orc wizard is almost dead.
The quokka bites you but does no damage.
The quokka misses you.
The orc wizard hits you with a +0 dagger.
* * * LOW HITPOINT WARNING * * *
You puncture the orc wizard!
You kill the orc wizard!
Lugonu accepts your kill. The quokka bites you.
You die...

####### ......#
......# ......#
......# ......#
......# ############..
......# #.....@r.[....
......# #.....)#######
......# #......#
.)....#########.######
#.....†......)........
#########..###########
#........############
#.###.#.............#
#....<.)###########.#


You could see a quokka.

Vanquished Creatures
  An orc wizard (D:3)
  An adder (D:2)
  A worm (D:2)
  2 dart slugs
  4 orcs (D:3)
  3 ball pythons
  2 endoplasms (D:1)
  2 giant cockroaches (D:2)
  4 hobgoblins
  3 bats
  2 frilled lizards (D:1)
  A goblin (D:1)
  4 kobolds
  2 rats
32 creatures vanquished.

Notes
Turn   | Place    | Note
-------+----------+-------------------------------------------
     0 | Abyss:1  | keekatzer the Formicid Abyssal Knight began the quest for
                  | the Orb.
     0 | Abyss:1  | Reached XP level 1. HP: 18/18 MP: 2/2
    14 | D:1      | Escaped the Abyss
    21 | D:1      | Noticed a snapping turtle
    21 | D:1      | Noticed a hog
    21 | D:1      | Noticed an anaconda
    21 | D:1      | Noticed a swamp worm
    21 | D:1      | Noticed a black bear
    93 | D:1      | Reached skill level 1 in Dodging
   174 | D:1      | Found a faded altar of an unknown god.
   275 | D:1      | Reached XP level 2. HP: 17/24 MP: 3/3
   747 | D:2      | Reached XP level 3. HP: 28/28 MP: 4/4
   834 | D:2      | Found an ancient bone altar of Kikubaaqudgha.
  1075 | D:2      | Reached *** piety under Lugonu
  1220 | D:3      | Reached XP level 4. HP: 37/37 MP: 5/5
  1330 | D:3      | Slain by a quokka

Illustrated notes

Levels and vault maps discovered:
D:1:      onia_arrival_zoo_common, layout_loops_ring,
          nicolae_ecumenical_lake_church, minmay_heptomino_d4
D:2:      layout_basic, basic_altar, amcnicky_mini_corridor_feature
D:3:      layout_basic, nicolae_overflow_crystal_walls

Skill      XL: |  1  2  3 |
---------------+----------+-----
Dodging        | 1 |  1.8
Armour         | 3 |  3.1
Fighting       | |  3.8
Polearms       | |  2.0
Invocations    | |  2.5

Action                   |  1- 3 |  4- 6 || total
-------------------------+-------+-------++-------
Melee: Spear             |    87 |    23 ||   110
       Punch             |       |     1 ||     1
Invok: Bend Space        |       |     1 ||     1
 Abil: Dig               |     1 |       ||     1
  Use: Potion            |       |     3 ||     3
 Stab: Sleeping          |     5 |       ||     5
       Distracted        |     2 |       ||     2
Armor: Leather armour    |    18 |     4 ||    22
Dodge: Dodged            |    37 |     5 ||    42
